Map: Cyber Forest LE

Players

llllllllllll

  • Race: Terran Terran
  • Spawn Location: 11:00

Lambo - Winner!

  • Race: Zerg Zerg
  • League: Master
  • Spawn Location: 5:00

VOD

Have the link to the VOD?

Description

Time

  • Played on: Jan. 26, 2019, 9:35 a.m.
  • Length: 14:31
Show
View Real Time Build Order
Export as new Build Order

llllllllllll Terran 

Build Orders: Command Center First (CC) 

Get SALT Encoding   

  12  0:00  SCV  
  13  0:12  SCV  
  14  0:17  Supply Depot  
  14  0:24  SCV  
  15  0:39  SCV  
  16  0:51  SCV  
  17  0:59  Command Center  
  17  1:03  SCV  
  18  1:14  Barracks  
  18  1:16  SCV  
  19  1:22  Refinery  
  19  1:28  SCV  
  19  1:31  Refinery  
  20  1:40  SCV  
  21  1:52  SCV  
  22  2:03  Reaper  
  22  2:04  Orbital Command  
  23  2:11  Orbital Command  
  23  2:19  Factory  
  23  2:31  SCV  
  23  2:35  Barracks Reactor  
  24  2:38  SCV  
  24  2:43  SCV  
  26  2:46  Supply Depot  
  26  2:50  SCV  
  27  2:55  SCV  
  28  3:02  SCV  
  28  3:04  Starport  
  29  3:07  SCV  
  30  3:14  SCV  
  30  3:15  Hellion x2  
  30  3:19  SCV  
  36  3:20  Barracks Tech Lab, Supply Depot  
  36  3:26  SCV  
  37  3:31  SCV  
  38  3:35  Command Center  
  38  3:40  Hellion  
  38  3:41  Hellion  
  41  3:42  SCV  
  41  3:43  SCV  
  43  3:50  Viking  
  45  3:55  SCV  
  45  3:56  SCV  
  45  4:00  Barracks Tech Lab  
  47  4:08  SCV x2  
  49  4:13  Barracks x2  
  49  4:15  Factory Reactor  
  49  4:20  SCV x2, Banshee  
  49  4:23  Stimpack  
  54  4:29  Supply Depot  
  54  4:32  Supply Depot  
  54  4:40  Engineering Bay x2  
  54  4:47  SCV x2, Marine  
  54  4:49  Refinery  
  54  4:50  Refinery  
  54  4:52  Orbital Command  
  57  4:59  SCV x2  
  59  5:11  SCV, Marine x4  
  59  5:12  Marine  
  65  5:16  SCV  
  65  5:18  Terran Infantry Weapons Level 1, Starport Reactor  
  65  5:19  Terran Infantry Armor Level 1, Supply Depot  
  65  5:20  Supply Depot, Siege Tank  
  69  5:23  SCV  
  69  5:28  SCV  
  71  5:32  Marine x2  
  71  5:33  Marine  
  71  5:34  Barracks x2, Marine  
  75  5:35  SCV  
  75  5:37  SCV  
  75  5:38  Orbital Command  
  77  5:43  SCV  
  77  5:44  Marine  
  79  5:50  Marine x3  
  79  5:51  Armory  
  79  5:52  SCV  
  79  5:53  Supply Depot  
  83  6:00  SCV  
  84  6:04  Medivac x2, Marine x2  
  84  6:06  SCV x2  
  84  6:08  Siege Tank, Marine  
  96  6:12  SCV  
  96  6:15  Supply Depot  
  96  6:18  SCV  
  98  6:19  SCV  
  98  6:22  Marine  
  98  6:23  Combat Shield, Marine  
  98  6:24  SCV, Barracks Reactor x2  
  102  6:26  Marine x2  
  102  6:30  SCV  
  102  6:32  SCV  
  106  6:36  SCV  
  106  6:38  Marine  
  106  6:39  Medivac x2  
  112  6:40  Marine  
  112  6:42  SCV  
  112  6:44  SCV  
  115  6:48  Supply Depot, Marine x2  
  115  6:49  Supply Depot  
  115  6:53  Factory  
  117  6:55  Refinery  
  117  7:05  Factory Reactor  
  117  7:10  SCV x3, Marine x9  
  117  7:11  Supply Depot  
  117  7:24  Terran Infantry Weapons Level 2  
  117  7:25  Terran Infantry Armor Level 2  
  117  7:27  Marine x4  
  117  7:28  Marauder  
  123  7:30  Medivac  
  123  7:33  Medivac, Marine  
  123  7:34  Supply Depot  
  123  7:35  Supply Depot  
  128  7:40  Marine  
  128  7:41  Marine x2  
  131  7:44  Drilling Claws  
  131  7:45  Marine x2, Widow Mine x3  
  139  7:55  Marine x2  
  141  7:58  Command Center  
  141  7:59  Supply Depot  
  141  8:04  Medivac x2  
  145  8:09  Widow Mine x3  
  145  8:11  Marine x4  
  155  8:13  Marauder  
  157  8:20  Supply Depot  
  157  8:21  Marine  
  157  8:22  Supply Depot  
  157  8:23  Marine  
  159  8:27  Marine  
  159  8:28  Marine  
  161  8:36  Widow Mine x2  
  165  8:41  Marine  
  165  8:42  Widow Mine  
  165  8:52  Medivac  
  165  8:53  Marauder, Marine x7  
  176  8:57  Widow Mine  
  176  8:58  Widow Mine  
  176  8:59  Marine  
  181  9:11  Marine x4  
  181  9:12  Medivac  
  181  9:16  Widow Mine  
  182  9:19  Widow Mine  
  182  9:22  Medivac  
  182  9:23  Marauder, Marine  
  151  9:35  Widow Mine  
  151  9:37  Widow Mine  
  132  9:39  Marine  
  132  9:40  Widow Mine  
  132  9:41  Terran Infantry Weapons Level 3  
  132  9:42  Medivac, Marine x7  
  132  9:45  Marauder  
  142  9:46  SCV x2  
  142  9:47  SCV  
  142  9:50  Barracks  
  142  9:51  Barracks x2  
  142  9:52  Medivac  
  147  9:53  Terran Infantry Armor Level 3  
  147  9:57  Marine  
  147  9:58  SCV  
  149  10:01  SCV  
  149  10:05  SCV, Marine x3  
  153  10:10  SCV  
  153  10:11  Planetary Fortress  
  153  10:12  Medivac  
  153  10:13  SCV  
  153  10:14  Widow Mine x3  
  163  10:17  Marauder, Marine  
  163  10:20  Marine x2  
  166  10:32  Marine x5  
  166  10:33  Concussive Shells  
  166  10:34  Marine  
  170  10:38  Marauder  
  149  10:42  Widow Mine x2  
  149  10:43  Widow Mine  
  149  10:47  Medivac x2  
  143  10:53  Marine x3  
  143  10:55  Marine x4  
  143  10:56  Marine x4  
  148  11:00  Marauder  
  148  11:03  Command Center  
  149  11:06  Terran Vehicle And Ship Armor Level 1  
  149  11:10  Marine  
  149  11:11  Marine x2  
  150  11:13  Marine x3  
  150  11:14  Marine  
  150  11:17  Starport, Marine x3  
  159  11:21  Marauder  
  155  11:36  Barracks Tech Lab x2, Marine x7  
  155  11:37  Barracks Tech Lab  
  155  11:38  Marine  
  155  11:39  Widow Mine x2  
  163  11:42  Marauder, Medivac x2  
  169  11:47  Unknown x4  
  169  11:48  Widow Mine  
  169  11:52  Unknown  
  169  11:53  Marine  
  169  11:54  Marine  
  169  11:58  Marauder, Marine x2  
  169  12:00  Widow Mine  
  176  12:02  Marauder, Marine x5, Widow Mine  
  176  12:04  Marauder  
  176  12:06  Starport Tech Lab  
  176  12:08  Starport  
  187  12:10  Fusion Core  
  187  12:11  Marine  
  187  12:12  Marine  
  188  12:20  Marauder x2  
  188  12:22  Marine x2  
  170  12:23  Marine x4  
  170  12:25  Marauder  
  170  12:28  Marauder  
  170  12:29  Marine x2  
  148  12:35  Medivac x2  
  148  12:36  Widow Mine x2  
  144  12:40  Marine x3  
  144  12:41  Marauder, Marine  
  117  12:45  Marauder, Marine x2  
  117  12:48  Marauder, Marine x2  
  117  12:49  Marine  
  121  12:55  Widow Mine  
  121  12:57  Marine, Widow Mine  
  121  12:58  Marine  
  118  13:02  Marauder  
  118  13:04  Unknown  
  115  13:07  Marauder x2, Marine x2  
  121  13:24  Command Center  
  121  13:31  Marine  
  122  13:39  SCV x3, Marine  
  122  13:40  Marine x9  
  135  13:44  Marauder  
  137  13:51  Ghost Academy  
  146  14:07  SCV x2  
Show
View Real Time Build Order
Export as new Build Order

Lambo Zerg - Winner!

Build Orders: Hatch First 

Get SALT Encoding   

  12  0:01  Drone  
  13  0:12  Overlord  
  13  0:17  Drone  
  14  0:31  Drone x2  
  16  0:49  Hatchery  
  15  0:52  Drone  
  15  0:55  Drone  
  17  1:00  Drone  
  18  1:10  Extractor  
  17  1:14  Spawning Pool  
  17  1:18  Drone  
  17  1:21  Drone  
  18  1:28  Drone  
  19  1:40  Drone  
  20  1:50  Overlord  
  20  2:01  Queen x2  
  20  2:02  Zergling x4  
  26  2:10  Metabolic Boost  
  26  2:13  Drone  
  27  2:16  Drone  
  29  2:22  Drone  
  29  2:23  Drone  
  30  2:40  Hatchery  
  30  2:43  Drone  
  30  2:46  Drone  
  31  2:52  Pneumatized Carapace  
  31  2:53  Drone  
  32  2:59  Drone  
  32  3:00  Drone  
  32  3:03  Overlord  
  34  3:06  Drone  
  36  3:12  Drone  
  36  3:16  Overlord  
  36  3:22  Drone x4  
  40  3:30  Drone, Queen  
  43  3:35  Drone  
  44  3:42  Drone x3  
  44  3:43  Queen  
  44  3:47  Overlord  
  49  3:49  Drone x2  
  51  3:59  Evolution Chamber, Drone x2  
  51  4:00  Zergling x4  
  54  4:03  Queen  
  54  4:09  Overlord  
  56  4:12  Drone x2  
  56  4:16  Evolution Chamber  
  57  4:18  Drone x3  
  57  4:20  Zergling x4  
  64  4:24  Drone x2  
  64  4:27  Zerg Ground Armor Level 1  
  64  4:33  Overlord  
  64  4:35  Drone x2  
  66  4:40  Overlord  
  66  4:44  Extractor  
  66  4:45  Extractor  
  64  4:47  Drone, Overlord  
  64  4:48  Drone  
  64  4:52  Drone x2  
  68  4:54  Zerg Melee Weapons Level 1  
  68  4:57  Spore Crawler  
  68  4:58  Drone x2, Spore Crawler x2  
  67  5:00  Drone x2  
  67  5:01  Drone x2  
  71  5:15  Drone x5, Hatchery  
  71  5:19  Lair  
  71  5:21  Drone  
  76  5:22  Drone  
  76  5:23  Extractor  
  76  5:25  Overlord  
  76  5:31  Drone x3, Extractor  
  76  5:32  Extractor, Drone x2  
  79  5:39  Drone x3, Baneling Nest  
  79  5:42  Queen  
  83  5:45  Drone x3  
  86  5:51  Zergling x10  
  86  5:56  Overlord  
  91  5:59  Overlord  
  91  6:00  Overlord  
  91  6:06  Drone x5  
  96  6:14  Overlord  
  96  6:15  Overlord x2  
  96  6:16  Drone x2  
  96  6:17  Drone x3  
  101  6:21  Hydralisk Den  
  101  6:22  Drone  
  101  6:26  Centrifical Hooks  
  101  6:28  Zerg Ground Armor Level 2  
  101  6:29  Baneling x2  
  101  6:33  Zergling x6  
  101  6:34  Baneling x3  
  104  6:42  Overlord  
  104  6:43  Zergling x12  
  104  6:45  Queen  
  112  6:52  Drone x5  
  117  6:54  Extractor  
  117  6:56  Grooved Spines  
  117  6:58  Zerg Melee Weapons Level 2  
  117  7:00  Infestation Pit  
  114  7:05  Drone x3  
  114  7:07  Zergling x12  
  122  7:08  Baneling x2  
  122  7:10  Baneling x5  
  122  7:12  Baneling x3  
  122  7:13  Baneling  
  122  7:15  Overlord  
  122  7:16  Overlord  
  122  7:20  Zergling x8  
  116  7:24  Drone x4  
  116  7:27  Overlord  
  120  7:30  Drone x3  
  120  7:35  Overlord  
  119  7:45  Hive  
  119  7:49  Overlord, Hydralisk x4  
  119  7:50  Hatchery  
  126  7:53  Baneling x6  
  126  7:56  Hydralisk  
  126  7:57  Zergling x6  
  126  7:58  Overlord  
  131  8:00  Baneling x4  
  131  8:03  Zergling x8  
  134  8:07  Muscular Augments  
  134  8:08  Zergling x12  
  140  8:14  Zergling x12  
  145  8:26  Hydralisk x4  
  153  8:30  Hydralisk x4  
  153  8:31  Overlord  
  160  8:38  Hydralisk x5  
  164  8:50  Zerg Missile Weapons Level 1, Zergling x2  
  164  8:51  Zergling x14  
  164  8:53  Baneling x6  
  164  8:54  Hydralisk  
  164  8:55  Zergling x2  
  174  8:56  Hydralisk x3  
  174  8:57  Zergling x2  
  174  9:00  Baneling  
  174  9:01  Overseer  
  181  9:04  Hydralisk  
  181  9:05  Zergling x8  
  181  9:07  Baneling x6  
  181  9:08  Zergling x2  
  181  9:09  Zergling x2  
  189  9:10  Overlord  
  170  9:17  Hydralisk x4  
  170  9:21  Zergling x2  
  170  9:23  Zergling x2  
  168  9:25  Zergling x2  
  168  9:27  Overlord  
  168  9:28  Zergling x8  
  154  9:32  Zergling x6  
  154  9:35  Zergling x6  
  152  9:40  Zerg Ground Armor Level 3  
  152  9:41  Ultralisk Cavern  
  138  9:45  Zergling x10  
  138  9:49  Overseer  
  138  9:52  Overseer  
  143  9:53  Viper  
  143  9:55  Zergling x2  
  143  9:58  Zergling x8  
  151  10:04  Zergling x2  
  151  10:06  Baneling x6  
  151  10:07  Baneling x4  
  146  10:09  Zergling x18  
  146  10:11  Baneling x8, Overseer  
  155  10:14  Queen  
  155  10:18  Zergling x8  
  155  10:20  Baneling x5  
  161  10:23  Zergling x6  
  161  10:28  Zergling x4  
  165  10:31  Baneling x11  
  165  10:33  Zergling x6  
  168  10:38  Zergling x2  
  168  10:40  Zergling x14  
  164  10:43  Zergling x2  
  164  10:46  Chitinous Plating  
  164  10:49  Ultralisk  
  163  10:52  Zergling x16  
  163  10:55  Zergling x2  
  171  10:59  Adrenal Glands  
  171  11:01  Drone x2  
  173  11:09  Zergling x18  
  182  11:11  Zergling x6  
  182  11:16  Zerg Melee Weapons Level 3, Zergling x2  
  186  11:18  Overseer  
  186  11:19  Overseer x2  
  186  11:22  Zergling x6  
  189  11:32  Zergling x12  
  188  11:37  Zergling x2  
  188  11:38  Zergling x4  
  188  11:39  Baneling x13  
  189  11:45  Spore Crawler x2  
  187  11:49  Zergling x14  
  187  11:53  Overseer  
  186  12:05  Zergling x8  
  190  12:09  Overlord  
  190  12:12  Anabolic Synthesis  
  188  12:18  Zergling x2  
  188  12:20  Baneling x9  
  173  12:24  Zergling x8  
  173  12:28  Zergling x14  
  173  12:29  Zergling x14  
  172  12:34  Zergling x8  
  159  12:42  Zergling x4  
  152  12:44  Zergling x4  
  142  12:53  Zergling x4  
  128  12:59  Baneling x5  
  128  13:02  Ultralisk x3  
  144  13:05  Hatchery  
  144  13:09  Baneling  
  144  13:10  Baneling x2, Overseer, Ultralisk  
  144  13:12  Overlord  
  149  13:14  Overlord  
  149  13:20  Zergling x6  
  152  13:27  Overlord  
  152  13:30  Baneling x7  
  152  13:32  Overlord  
  151  13:34  Baneling x7  
  151  13:41  Zergling x8  
  152  13:50  Zergling x16  
  152  13:55  Baneling x9  
  160  13:58  Zergling x10  
  164  14:06  Zergling x6  
  161  14:12  Zergling x6  
Tags
 
Add a new tag
Caveats
  • Supply blocks, unpowered buildings, or Contaminate may cause inaccurate times.
  • Supply counts are checked every 10 seconds.